 Dungeon Crawl Stone Soup version 0.22-a0-480-g991dd4b (webtiles) character file.

2207 epen the Martial Artist (level 9, -3/63 HPs)
             Began as an Octopode Monk on June 16, 2018.
             Slain by an orc
             ... wielding a +0 trident
              (5 damage)
             ... on level 6 of the Dungeon.
             The game lasted 00:16:08 (8064 turns).

epen the Martial Artist (Octopode Monk)             Turns: 8064, Time: 00:16:09

Health: -3/63      AC:  1    Str: 11    XL:     9   Next: 34%
Magic:  9/9        EV: 18    Int: 15    God:
Gold:   208        SH:  0    Dex: 17    Spells: 8/8 levels left

rFire    + . .     SeeInvis .     - Unarmed
rCold    + . .     Gourm    +   (no shield)
rNeg     . . .     Faith    .   (helmet restricted)
rPois    .         Spirit   .   m - amulet of the gourmand
rElec    .         Reflect  .   c - +3 ring of intelligence
rCorr    .         Harm     .   h - +3 ring of slaying
MR       +....                  j - ring of protection from cold
Stlth    +++.......             q - ring of protection from fire
HPRegen  0.20/turn              r - ring of protection from magic
MPRegen  0.11/turn              (no ring)
                                (no ring)
                                (no ring)

@: no status effects
A: almost no armour, stealthy swim, amphibious, 8 rings, constrict 8, camouflage
1, gelatinous body 1
a: no special abilities


You were on level 6 of the Dungeon.
You were very full.

You visited 1 branch of the dungeon, and saw 8 of its levels.
You also visited: Sewer.

You collected 295 gold pieces.
You spent 87 gold pieces at shops.

Inventory:

Missiles
 v - a throwing net (quivered)
Jewellery
 c - a +3 ring of intelligence (left tentacle)
 h - a +3 ring of slaying (right tentacle)
 j - a ring of protection from cold (on tentacle)
 m - an amulet of the gourmand (around mantle)
 q - a ring of protection from fire (on tentacle)
 r - a ring of protection from magic (on tentacle)
 y - an uncursed ring of flight {unknown}
Wands
 d - a wand of paralysis (4)
 z - a wand of disintegration (10)
Scrolls
 e - 2 scrolls of fear
 l - 2 scrolls of teleportation
 t - a scroll of blinking
 w - a scroll of fog
 x - a scroll of magic mapping
Potions
 b - a potion of brilliance {unknown}
 f - 2 potions of mutation {unknown}
 g - 2 potions of haste {unknown}
 i - 2 potions of agility
 k - 8 potions of curing
 n - a potion of lignification {unknown}
 o - 4 potions of heal wounds
 p - a potion of ambrosia {unknown}
 s - a potion of magic {unknown}
 u - a potion of might {unknown}
Comestibles
 a - 16 rations


   Skills:
 + Level 6.7 Fighting
 + Level 6.7 Dodging
 - Level 2.6 Stealth
 * Level 9.2 Unarmed Combat


You had 8 spell levels left.
You didn't know any spells.
Your spell library was empty.

Dungeon Overview and Level Annotations

Branches:
Dungeon (8/15)
 Temple: D:4-7         Lair: D:8-11

Altars:
Ashenzari
Elyvilon
Okawaru
Qazlal

Shops:
D:4 *

Annotations:
D:7 Joseph


Innate Abilities, Weirdness & Mutations

You cannot wear most types of armour.
You are very stealthy in the water. (Stealth+)
You are amphibious.
You can wear up to eight rings at the same time.
You can use your tentacles to constrict eight enemies at once.
Your skin changes colour to match your surroundings (Stealth+).
Your rubbery body absorbs attacks. (AC +1, EV +1)


Message History

The orc warrior is heavily wounded.
You constrict the orc warrior, but do no damage.
The orc warrior misses you.
You tentacle-slap the orc warrior but do no damage.
You squeeze the orc warrior.
The orc warrior is severely wounded.
You constrict the orc warrior. The orc closely misses you.
The orc warrior hits you with a flail!
* * * LOW HITPOINT WARNING * * *
You tentacle-slap the orc warrior but do no damage.
The orc warrior is severely wounded.
You constrict the orc warrior. The orc hits you with a trident!
* * * LOW HITPOINT WARNING * * *
You tentacle-slap the orc warrior but do no damage.
You squeeze the orc warrior.
The orc warrior is almost dead.
You constrict the orc warrior. The orc warrior hits you with a flail!
* * * LOW HITPOINT WARNING * * *
The orc hits you with a trident.
You die...

# #.............................
# #........#..>..#.#....(.......
# #........#.##..#.####.#...#.##
# ###......#.......# #.#..†#.# ##
####.#.####..#### #.#...#.# .#
#..#.#.......###.#...#.# .#
##.###..#..##...#.#)..#.# .#
#..#......o##......)....# .#
##†......@o##...######### .####
##...#.###.o.....#......
....#######.##.###.#...#.?.. ..#.
###..<......##.........#.#.###.#.
################.......#.##....
#..............#..#
#.###......o......#.
#...........#.......
#..#......#.......##


You could see an orc warrior and 2 orcs.

Vanquished Creatures
  A hornet zombie (D:6)
  2 sky beasts
  A necrophage (D:3)
  2 black bears
  2 bullfrogs (D:6)
  A scorpion (D:6)
  10 wights
  A howler monkey (D:6)
  A crimson imp (D:8)
  A jelly (D:5)
  6 orc priests
  2 hounds
  2 bullfrog skeletons
  2 iguanas (D:6)
  4 orc wizards
  4 worker ants
  A killer bee zombie (D:7)
  A hound zombie (D:7)
  Robin (D:4)
  3 river rats (Sewer)
  6 adders
  6 gnolls
  4 shadow imps
  2 oozes (D:3)
  An adder skeleton (D:4)
  An adder zombie (D:6)
  4 worms
  3 dart slugs
  6 leopard geckos
  33 orcs
  12 giant cockroaches
  5 hobgoblins
  8 jackals
  3 quokkas
  7 ball pythons (Sewer)
  5 bats
  7 frilled lizards
  11 goblins
  10 kobolds
  A quokka skeleton (D:4)
  A quokka zombie (D:5)
  14 rats
198 creatures vanquished.

Notes
Turn   | Place    | Note
-------+----------+-------------------------------------------
     0 | D:1      | epen the Octopode Monk began the quest for the Orb.
     0 | D:1      | Reached XP level 1. HP: 16/16 MP: 1/1
    34 | D:1      | Reached XP level 2. HP: 16/21 MP: 2/2
   285 | D:1      | Reached XP level 3. HP: 24/26 MP: 3/3
   927 | D:2      | You fall through a shaft for 2 floors!
   927 | D:4      | Noticed Robin
   932 | D:4      | Reached skill level 4 in Unarmed Combat
   935 | D:4      | HP: 1/26 [goblin[Robin] (5)]
  1090 | D:3      | Reached XP level 4. HP: 16/31 MP: 4/4
  1410 | D:3      | Noticed a necrophage
  1456 | D:3      | Killed a necrophage
  1456 | D:3      | Reached XP level 5. HP: 32/36 MP: 5/5
  1567 | D:2      | Found a shattered altar of Ashenzari.
  1813 | D:3      | Reached skill level 5 in Unarmed Combat
  1935 | D:2      | Reached XP level 6. HP: 42/42 MP: 6/6
  2024 | D:2      | Found a white marble altar of Elyvilon.
  2577 | D:2      | Found an iron altar of Okawaru.
  3383 | D:4      | Noticed an ice beast
  3471 | D:4      | Killed Robin
  3922 | D:4      | Found Dukem's Assorted Antiques.
  3931 | D:4      | Bought 2 bubbling amethyst potions for 41 gold pieces
  3931 | D:4      | Bought a scroll of identify for 46 gold pieces
  3940 | D:4      | Found a stormy altar of Qazlal.
  4210 | D:4      | Reached XP level 7. HP: 43/49 MP: 7/7
  4306 | D:5      | Entered Level 5 of the Dungeon
  4354 | D:5      | Found a glowing drain.
  4377 | Sewer    | Entered a sewer
  4432 | Sewer    | Reached skill level 6 in Unarmed Combat
  5415 | D:5      | Reached skill level 5 in Fighting
  5415 | D:5      | Reached skill level 5 in Dodging
  5959 | D:5      | You fall through a shaft for 3 floors!
  5963 | D:8      | Reached skill level 7 in Unarmed Combat
  5963 | D:8      | Reached XP level 8. HP: 55/55 MP: 8/8
  5987 | D:8      | Noticed a yak
  6053 | D:7      | Noticed Joseph
  6877 | D:6      | Reached skill level 8 in Unarmed Combat
  7212 | D:6      | Reached XP level 9. HP: 45/62 MP: 9/9
  7904 | D:6      | Reached skill level 9 in Unarmed Combat
  8064 | D:6      | HP: 2/63 [orc warrior/flail (9)]
  8064 | D:6      | Slain by an orc

Vault maps used:
D:1:      lightli_molten_gateway, serial_glass, glass_columns_a,
          glass_columns_b, glass_columns_a, glass_columns_a, glass_columns_a,
          glass_columns_c
D:2:      lemuel_crystal_altar, lemuel_round_altar, kennysheep_big_empty_room,
          minmay_item_behind_shaft, elyvilon_altar_5
D:4:      minmay_opposing_rooms, grunt_qazlal_sundering, serial_shops,
          nicolae_shop_overgrown_old_shop, first_ration, uniq_robin
D:5:      portal_sewer_entry_f, kennysheep_generic_room_5
D:7:      minmay_temple_entry_mist, uniq_joseph
D:8:      black_bear_nest_1, kennysheep_generic_room_2, uniq_erica
Sewer:    sewer_co_cracked_pipes

Skill      XL: |  1  2  3  4  5  6  7  8  9 |
---------------+----------------------------+-----
Unarmed Combat | 4 5 7 8 9 |  9.2
Fighting       | 4 5 6 |  6.7
Dodging        | 4 5 6 |  6.7
Stealth        | |  2.6

Action                   |  1- 3 |  4- 6 |  7- 9 || total
-------------------------+-------+-------+-------++-------
Melee: Unarmed           |    71 |   161 |   239 ||   471
       Constrict         |    19 |    35 |    73 ||   127
       Tentacles         |    11 |    26 |    54 ||    91
       Punch             |       |     7 |    14 ||    21
  Use: Scroll            |       |     7 |     5 ||    12
       Potion            |       |     1 |     2 ||     3
 Stab: Sleeping          |     9 |    10 |    19 ||    38
  Eat: Chunk             |     1 |    14 |    14 ||    29
Armor: Skin              |     7 |     7 |     6 ||    20
Dodge: Dodged            |    51 |    87 |   124 ||   262

Table legend:
 A = Spawn XP
 B = Non-spawn XP
 C = Spawn XP percentage of total XP
 D = Spawn monster count
 E = Non-spawn monster count
 F = Spawn count percentage of total count
 G = Total turns spent on level
                    A         B        C        D         E        F      G
               +---------+---------+-------+---------+---------+-------+---------
         Total |       0 |    3154 |   0.0 |       0 |     198 |   0.0 |  8064
               +---------+---------+-------+---------+---------+-------+---------
           D:1 |       0 |      52 |   0.0 |       0 |      26 |   0.0 |   805
           D:2 |       0 |     150 |   0.0 |       0 |      30 |   0.0 |  1437
           D:3 |       0 |     237 |   0.0 |       0 |      20 |   0.0 |  1171
           D:4 |       0 |     194 |   0.0 |       0 |      22 |   0.0 |   893
           D:5 |       0 |     439 |   0.0 |       0 |      31 |   0.0 |  1081
           D:6 |       0 |    1311 |   0.0 |       0 |      27 |   0.0 |  1611
           D:7 |       0 |     502 |   0.0 |       0 |      18 |   0.0 |   501
           D:8 |       0 |     207 |   0.0 |       0 |       3 |   0.0 |   239
         Sewer |       0 |      62 |   0.0 |       0 |      21 |   0.0 |   326
               +---------+---------+-------+---------+---------+-------+---------
